 Dungeon Crawl Stone Soup version 0.21.1-1-g345015f (webtiles) character file.

14 gyp21 the Magician (level 2, 0/20 HPs)
             Began as a Mummy Fire Elementalist on Feb 6, 2018.
             Slain by a dart slug (1 damage)
             ... on level 1 of the Dungeon.
             The game lasted 00:03:15 (760 turns).

gyp21 the Magician (Mummy Fire Elementalist)         Turns: 760, Time: 00:03:16

Health: 0/20       AC:  2    Str: 11    XL:     2   Next: 27%
Magic:  0/5        EV: 12    Int: 14    God:
Gold:   54         SH:  0    Dex: 12    Spells: 5/6 levels left

rFire    x . .     SeeInvis .   (no weapon)
rCold    + . .     Gourm    .   (no shield)
rNeg     + + +     Faith    .   a - +0 robe
rPois    ∞         Spirit   .   (no helmet)
rElec    .         Reflect  .   (no cloak)
rCorr    .         Harm     .   (no gloves)
MR       .....                  (no boots)
Stlth    ++........             (no amulet)
HPRegen  0.06/turn              (no ring)
MPRegen  0.09/turn              (no ring)

@: no status effects
A: no food or potions, fire vulnerability, cold resistance 1, negative energy
resistance 3, torment resistance, unbreathing
a: no special abilities


You were on level 1 of the Dungeon.
You were not hungry.

You visited 1 branch of the dungeon, and saw 1 of its levels.

You collected 54 gold pieces.

Inventory:

Armour
 a - a +0 robe (worn)
Books
 b - a book of Flames

   Spells                             Type                      Level
   a - Flame Tongue                   Conjuration/Fire             1
   b - Throw Flame                    Conjuration/Fire             2
   c - Conjure Flame                  Conjuration/Fire             3
   d - Inner Flame                    Hexes/Fire                   3
   e - Sticky Flame                   Conjuration/Fire             4
   f - Fireball                       Conjuration/Fire             5


   Skills:
 + Level 0.6 Fighting
 + Level 1.7 Dodging
 - Level 1.5 Stealth
 + Level 2.9 Spellcasting
 + Level 1.0 Conjurations
 + Level 2.5 Fire Magic


You had 5 spell levels left.
You knew the following spells:

 Your Spells              Type           Power        Failure   Level  Hunger
a - Flame Tongue          Conj/Fire      #....        10%         1    N/A

Dungeon Overview and Level Annotations

Branches:
Dungeon (1/15)

Altars:


Innate Abilities, Weirdness & Mutations

You do not eat or drink.
Your flesh is vulnerable to fire.
You are immune to poison.
Your flesh is cold resistant. (rC+)
You are immune to negative energy. (rN+++)
You are immune to unholy pain and torment.
You can survive without breathing.


Message History

Press: ? - help, Shift-Dir - straight line, f - rat
Aim: a rat The flame tongue hits the rat.
You kill the rat!
You start resting.
Casting: Flame Tongue
Confirm with . or Enter, or press ? or * to list all spells.
Aiming: Flame Tongue
Press: ? - help, Shift-Dir - straight line, f - dart slug
Aim: a dart slug (moderately wounded, clinging)
The flame tongue hits the dart slug.
The dart slug is almost dead.
You barely miss the dart slug.
The dart slug is almost dead.
The dart slug bites you.
* * * LOW HITPOINT WARNING * * *
You hit the dart slug but do no damage.
The dart slug is almost dead.
The dart slug bites you.
You die...

#........##..#^# ##..#### ##.##
#........##..#.###......###...#
#........##....#<..###...##.#.#
#........####..#†### ##...#.).#
#........# #.#.## ##.....##
##.###.### ##..# #...#### ####.#
#.### ####.## ##...### #....#
#...# ###..#..## ##....##
.....###...# #.w@###..####...#...
P.....♣♣♣♣♣♣##.###.##...#......##
♣.....l.w.♣♣♣.......###.......##.
♣P..)#♣P..(♣♣##...#...##########.
♣♣P..#♣♣P♣lP♣.....#..†...#### ##
♣..l. ♣♣♣P..#.......w......#####
....#. ♣♣.♣##.....r..r.........
#... .. ♣.♣ #........#.##......
##.. .. #.###.......##.## .....


You could see a dart slug.

Vanquished Creatures
  2 bats (D:1)
  A giant cockroach (D:1)
  A goblin (D:1)
  2 hobgoblins (D:1)
  3 frilled lizards (D:1)
  2 kobolds (D:1)
  3 rats (D:1)
14 creatures vanquished.

Notes
Turn   | Place    | Note
-------+----------+-------------------------------------------
     0 | D:1      | gyp21 the Mummy Fire Elementalist began the quest for the Orb.
     0 | D:1      | Reached XP level 1. HP: 13/13 MP: 4/4
   344 | D:1      | Reached skill level 1 in Conjurations
   646 | D:1      | Reached XP level 2. HP: 19/20 MP: 3/5
   721 | D:1      | HP: 1/20 [dart slug (1)]
   738 | D:1      | HP: 1/20 [bat (1)]
   759 | D:1      | HP: 1/20 [dart slug (2)]
   760 | D:1      | Slain by a dart slug

Skill      XL: |  1 |
---------------+----+-----
Conjurations   | 1 |  1.0
Fighting       | |  0.6
Dodging        | |  1.7
Stealth        | |  1.5
Spellcasting   | |  2.9
Fire Magic     | |  2.5

Action                   || total
-------------------------++-------
Melee: Unarmed           ||    21
 Cast: Flame Tongue      ||    27
Armor: Robe              ||    17
Dodge: Dodged            ||    49
